 Dungeon Crawl Stone Soup version 0.29-a0-393-g47a863cc1b (webtiles) character file.

Game seed: 8172533400019881529

110 ytrimaz the Skirmisher (level 4, 0/35 HPs)
             Began as a Demonspawn Fighter on May 9, 2022.
             Killed by divine providence
             ... invoked by an orc priest
              (9 damage)
             ... on level 3 of the Dungeon.
             The game lasted 00:03:31 (2375 turns).

ytrimaz the Skirmisher (Demonspawn Fighter)         Turns: 2375, Time: 00:03:32

Health: 0/35       AC:  9    Str: 18    XL:     4   Next: 61%
Magic:  4/4        EV:  7    Int:  9    God:
Gold:   117        SH:  0    Dex: 13    Spells: 3/3 levels left

rFire   . . .      SeeInvis .     - Unarmed
rCold   . . .      Faith    .   (no shield)
rNeg    . . .      Spirit   .   e - +0 chain mail
rPois   .          Reflect  .   (no helmet)
rElec   .          Harm     .   (no cloak)
rCorr   .          Rampage  .   (no gloves)
Will    .....                   (no boots)
Stlth   ..........              (no amulet)
HPRegen 0.11/turn               (no ring)
MPRegen 0.09/turn               (no ring)

@: studying Unarmed Combat
A: claws 1, powered by death 1
a: no special abilities


You were on level 3 of the Dungeon.
You visited 1 branch of the dungeon, and saw 3 of its levels.

You collected 117 gold pieces.

Inventory:

Armour
 c - a +0 buckler
 e - a +0 chain mail (worn)
Wands
 a - a wand of acid (9)
Scrolls
 g - 2 scrolls of identify {unknown}
 h - a scroll of fog {unknown}
 i - 2 scrolls of teleportation
 j - a scroll of enchant armour {unknown}
 k - a scroll of vulnerability {unknown}
Potions
 b - a potion of flight
 d - 2 potions of might
 f - a potion of attraction {unknown}


   Skills:
 + Level 3.5 Fighting
 - Level 2.2 Polearms
 + Level 3.3 Armour
 - Level 2.9 Shields
 * Level 3.1 Unarmed Combat


You had 3 spell levels left.
You didn't know any spells.
Your spell library contained the following spells:

 Spells                   Type           Power      Damage    Failure   Level
 Blink                    Tloc           0%         N/A       100%        2
 Manifold Assault         Tloc           0%         N/A       100%        5
 Storm Form               Tmut/Air       0%         N/A       100%        7


Dungeon Overview and Level Annotations

Branches:
Dungeon (3/15)

Altars:
Xom

Shops:
D:2 [[


Innate Abilities, Weirdness & Mutations

You have sharp fingernails.
You regenerate a little health from kills.


Message History

The rat completely misses you.
You barely miss the rat. You closely miss the rat.
The rat bites you but does no damage.
You closely miss the rat. The rat barely misses you.
You scratch the rat.
The rat is severely wounded.
The rat bites you but does no damage.
You scratch the rat.
You kill the rat!
No target in view!
You see here a rat corpse.
No target in view!
An orc is nearby!
An orc is nearby!
An orc is nearby!
No reachable target in view!
You see here a rat corpse.
Something hits the bush.
The orc shouts!
The orc priest calls down the wrath of Beogh upon you.
Beogh smites you!
You hear a shout!
Something hits the bush!
You start resting.
An orc priest is nearby!
You closely miss the orc priest. You scratch the orc but do no damage.
You claw the orc.
The orc is almost dead.
The orc priest hits you but does no damage.
The orc hits you with a +0 flail.
You scratch the orc.
You kill the orc!
The orc priest calls down the wrath of Beogh upon you.
Pain shoots through your body!
* * * LOW HITPOINT WARNING * * *
You claw the orc priest!
The orc priest is heavily wounded.
The orc priest mumbles some strange prayers to Beogh against you.
Beogh smites you!
You die...

#....##.....# ...
#...†#####.## #.#
#....#####.########..
#.......##...........
#.......##...........
#.......##...........
########.......##...........
#.........<...o).......#)r..
#.#######.....@#.......# ...
#.# #......#.......# .. #.#
#......#o......# . #.#
########o......# #.#####
#######..†....# #.....#
#.........†...# #.###.##
#.............#
#.PPP.PPPPPPP..........#
#.P.P.P................#


You could see an orc priest.

Vanquished Creatures
  A jelly (D:3)
  3 adders
  A worm (D:2)
  2 dart slugs
  An orc (D:3)
  8 bats
  4 endoplasms
  5 giant cockroaches
  4 goblins
  2 hobgoblins
  2 quokkas (D:2)
  4 ball pythons
  2 frilled lizards
  3 kobolds
  5 rats
47 creatures vanquished.

Vanquished Creatures (others)
  2 bushes (D:3)
2 creatures vanquished.

Grand Total: 49 creatures vanquished

Notes
Turn   | Place    | Note
-------+----------+-------------------------------------------
     0 | D:1      | ytrimaz the Demonspawn Fighter began the quest for the Orb.
     0 | D:1      | Reached XP level 1. HP: 18/18 MP: 1/1
   269 | D:1      | Gained mutation: You regenerate a little health from kills.
                  | [demonic ancestry]
   269 | D:1      | Reached XP level 2. HP: 16/24 MP: 2/2
   887 | D:1      | Identified a scroll of acquirement
   914 | D:2      | Found Gioclob's Armour Shoppe.
   961 | D:2      | Gained mutation: You have sharp fingernails. [demonic
                  | ancestry]
   961 | D:2      | Reached XP level 3. HP: 29/29 MP: 3/3
  1012 | D:2      | Acquired a manual of Unarmed Combat
  1184 | D:2      | Found a shimmering altar of Xom.
  1332 | D:2      | Reached skill level 1 in Unarmed Combat
  1530 | D:2      | Found Obegh's Armour Shop.
  1830 | D:3      | Reached XP level 4. HP: 6/35 MP: 4/4
  2375 | D:3      | Killed from afar by an orc priest

Illustrated notes

Levels and vault maps discovered:
D:1:      ebering_trefoil_twist, layout_basic
D:2:      layout_basic, basic_altar, serial_shops, shop, shop
D:3:      layout_basic, serial_glass, glass_columns_b, glass_columns_a,
          item_on_display_a, hellmonk_ecumenical_altar_prayer_group,
          minmay_hedge_maze, chequers_serial_rivers_micro_e

Skill      XL: |  1  2  3  4 |
---------------+-------------+-----
Polearms       | 2 |  2.2
Armour         | 3 |  3.3
Unarmed Combat | 2 3 |  3.1
Fighting       | |  3.5
Shields        | |  2.9

Action                   |  1- 3 |  4- 6 || total
-------------------------+-------+-------++-------
Melee: Trident           |    83 |       ||    83
       Unarmed           |    82 |    31 ||   113
       Punch             |     1 |     1 ||     2
  Use: Scroll            |     3 |     1 ||     4
       Potion            |     3 |       ||     3
Armor: Chain mail        |   119 |    18 ||   137
       Scale mail        |     7 |       ||     7
Dodge: Dodged            |    61 |     8 ||    69
Block: Buckler           |    23 |       ||    23

Table legend: (Time is in decaauts)
 A = Elapsed time spent in this place.
 B = Non-inter-level travel time spent in this place.
 C = Inter-level travel time spent in this place.
 D = Time resting spent in this place.
 E = Time spent auto-exploring this place.
 F = Levels seen in this place.
 G = Mean time per level.
                   A        B        C        D        E       F      G
               +--------+--------+--------+--------+--------+-----+--------+
         Total |   2392 |   2355 |     37 |    161 |   1661 |   3 |  797.3 |
       Dungeon |   2392 |   2355 |     37 |    161 |   1661 |   3 |  797.3 |
               +--------+--------+--------+--------+--------+-----+--------+

Top non-repeatable levels by time:
     D:1: 929 daAuts
     D:2: 807 daAuts
     D:3: 656 daAuts
